 Dungeon Sprint DCSS version 0.03.2.1-71-g8aa608150a (webtiles) character file.

Game seed: 4004760765224152979, levelgen mode: deterministic

3681 esc the Spry (level 9, 0/6 HPs) Fairy Earth Elementalist. Began on Feb 13, 2021. Was a Believer of Vehumet. Succumbed to a death drake's dark miasma ... in the Dungeon (Sprint II: "The Violet Keep of Menkaure"). The game lasted 00:03:23 (351 turns).

esc the Spry (Fairy Earth Elementalist)              Turns: 351, Time: 00:03:23

Health: 0/6        AC:  0    Str:  2    XL:     9 ^: 269
Magic:  4/4        EV: 42    Int: 22    God:    Vehumet [2* [71]]
Gold:   972        SH:  0    Dex: 17    Spells: 32/36 levels left

rFire    . . .     Vision   .   (no jewelry)
rCold    . . .     Gourm    .
rNeg     . . .     Faith    .
rPois    .         Spirit   .
rElec    .         Reflect  .
rCorr    .         Harm     .
MR       +....     NoTele   +
Stlth    +.........
HPRegen  0.12/turn
MPRegen  0.14/turn

@: lethally poisoned (0 -> -8), flying, glowing, slow
A: tiny, no armour or weapons, only one jewelry slot, no melee attacks, fairy
magic, fairy shield, fairy light, decreased potion and divine healing, low mp 1,
slowness 1, able to fly, insubstantial
a: Stop Flying, Renounce Religion


You were in the Dungeon.
You worshipped Vehumet.
Vehumet was pleased with you.
You were not hungry.

You visited 1 branch You collected 972 gold pieces.

Inventory:

Scrolls
 h - a scroll of blinking
Potions
 e - a potion of haste
 f - 2 potions of magic
 g - a potion of berserk rage
Comestibles
 a - 4 chunks of flesh
 b - 2 rations


   Skills:
 + Level 16.5 Dodging
 - Level 1.4 Stealth
 + Level 14.2 Spellcasting
   Level 1.0 Transmutations
 + Level 13.3 Earth Magic


You had 32 spell levels left.
You knew the following spells:

 Your Spells              Type           Power        Failure   Level  Hunger
a - Sandblast             Erth           50 (50)      0%          1    None
b - Stone Arrow           Erth           50 (50)      1%          3    None

Your spell library contained the following spells:

 Spells                   Type           Power        Failure   Level  Hunger
 Passwall                 Tmut/Erth      47 (120)     1%          2    None
 Petrify                  Tmut/Erth      47 (100)     1%          4    None
 Lee's Rapid Deconstruct  Erth           65 (200)     1%          5    ###....
 Methodical Deconstructi  Erth           65 (200)     1%          5    ###....
 Flame Tongue             Fire           15 (30)      4%          1    None
 Foxfire                  Fire           15 (25)      4%          1    None
 Throw Frost              Ice            15 (50)      6%          2    None


Dungeon Overview and Level Annotations

Branches:
Dungeon (1/1)

Altars:
Cheibriados
Dithmenos
Elyvilon
Fedhas Madash
Gozag Ym Sagoz
Hepliaklqana
Kikubaaqudgha
Makhleb
Nemelex Xobeh
Okawaru
Qazlal
Ru
Sif Muna
Trog
Uskayaw
Vehumet
Wu Jian
Xom
Yredelemnul
Zin
The Shining One
Beogh
Jiyva
Lugonu


Innate Abilities, Weirdness & Mutations

You are too small to use any gear.
You can wear a single ring or amulet completely around your body.
You are incapable of melee of any kind.
Your magic reserves are extremely low but spells that normally cost one mana are free and all other spells cost one mana.
You are extremely frail but all attacks that strike you do exactly one damage.
You exude a bright light in a small radius around yourself.
The effect of potions and godly healing effects is reduced to match your tiny health and magic reserves.
You cover ground slowly.
You can fly continuously.
Your insubstantial form boosts your evasion and grants immunity to sticky flames, nets and constriction.
Your magical capacity is low. (-10% MP)


Message History

Press: ? - help, Shift-Dir - straight line, f/p - swamp drake
Aim: a swamp drake (healthy (30/30))
The blast of sand hits the death drake (14)!
The death drake is almost dead. (13/76) HP You are engulfed in dark miasma (0).
You are more poisoned.
You feel sick. (1)
The death drake misses you (0).
Okay, then.
Casting: Sandblast (safe; 0% risk of failure)
Confirm with . or Enter, or press ? or * to list all spells.
Aiming: Sandblast (safe; 0% risk of failure)
Press: ? - help, Shift-Dir - straight line, f/p - swamp drake
Aim: a swamp drake (healthy (30/30))
The blast of sand hits the death drake (7)!
The death drake is almost dead. (6/76) HP You are engulfed in dark miasma (5).
You are more poisoned.
* * * LOW HITPOINT WARNING * * *
You die...

##++## ##≈^..### #)≈..^..#
####....# ## #..'.^..# k#
#+## #..####.# 8# ##..##
####..†^##k# .##..#
...#..#..@#
#.#.####..#####..# %?!
##'###.##..#..'^.# ▓%!$[?
##.##...#..#..#..# #▓%[$%)$
÷†<.'###'..####..##.#▓)??![?
##.##...#....###...##▓▓▓▓▓▓▓
##'###.##†.....§≈≈≈≈≈≈≈≈≈≈≈≈
#.).####≈≈.†...≈#§########+#
..#..#≈§§§≈†≈.§≈#....._..#§§


You could see a death drake, a crystal guardian and a swamp drake.

Vanquished Creatures
  A deep elf master archer (D)
  3 shining eyes (D)
  A merfolk siren (D)
  2 tyrant leeches (D)
  2 hippogriffs (D)
  3 soldier ants (D)
  3 worms (D)
  A spectral adder (D)
  A spectral quokka (D)
17 creatures vanquished.

Vanquished Creatures (others)
  Menkaure (D)
  A crocodile (D)
2 creatures vanquished.

Grand Total: 19 creatures vanquished

Notes
Turn   | Place    | Note
-------+----------+-------------------------------------------
     0 | D        | esc the Fairy Earth Elementalist began the quest for the
                  | Orb.
     0 | D        | Reached XP level 1. HP: 3/3 MP: 3/3
     1 | D        | Noticed a hippogriff
     1 | D        | Noticed a hippogriff
     7 | D        | Reached skill level 3 in Dodging
    10 | D        | Reached skill level 4 in Dodging
    10 | D        | Reached XP level 2. HP: 2/3 MP: 3/3
    34 | D        | Killed Menkaure
    34 | D        | Killed a crocodile
    36 | D        | Noticed a tyrant leech
    36 | D        | Noticed a tyrant leech
    39 | D        | Noticed a merfolk siren
    49 | D        | Killed a merfolk siren
    49 | D        | Reached skill level 10 in Dodging
    49 | D        | Reached XP level 3. HP: 3/4 MP: 3/3
    49 | D        | Reached XP level 4. HP: 3/4 MP: 3/3
    49 | D        | Reached XP level 5. HP: 3/4 MP: 3/3
    49 | D        | Reached XP level 6. HP: 4/5 MP: 3/3
    61 | D        | Killed a hippogriff
    61 | D        | Reached skill level 11 in Dodging
    61 | D        | Reached XP level 7. HP: 5/5 MP: 4/4
    66 | D        | Killed a hippogriff
    66 | D        | Reached skill level 12 in Dodging
    66 | D        | Reached skill level 10 in Spellcasting
    87 | D        | Learned a level 3 spell: Stone Arrow
    96 | D        | Killed a tyrant leech
    96 | D        | Reached skill level 10 in Earth Magic
   132 | D        | Killed a tyrant leech
   132 | D        | Reached skill level 13 in Dodging
   132 | D        | Reached XP level 8. HP: 5/5 MP: 3/4
   135 | D        | Found an opulent altar of Gozag.
   136 | D        | Found a blossoming altar of Fedhas.
   136 | D        | Found a sparkling altar of Nemelex Xobeh.
   137 | D        | Found a white marble altar of Elyvilon.
   137 | D        | Found a burning altar of Makhleb.
   137 | D        | Found an iron altar of Okawaru.
   137 | D        | Found a radiant altar of Vehumet.
   139 | D        | Found a shadowy altar of Dithmenos.
   139 | D        | Found a corrupted altar of Lugonu.
   139 | D        | Found a hide-covered altar of Uskayaw.
   140 | D        | Found a snail-covered altar of Cheibriados.
   140 | D        | Found an ancient bone altar of Kikubaaqudgha.
   140 | D        | Found a bloodstained altar of Trog.
   141 | D        | Found a roughly hewn altar of Beogh.
   141 | D        | Found a viscous altar of Jiyva.
   141 | D        | Found a shimmering blue altar of Sif Muna.
   142 | D        | Found a hazy altar of Hepliaklqana.
   142 | D        | Found a sacrificial altar of Ru.
   143 | D        | Found a shimmering altar of Xom.
   144 | D        | Found a stormy altar of Qazlal.
   144 | D        | Found an ornate altar of the Wu Jian Council.
   144 | D        | Found a basalt altar of Yredelemnul.
   144 | D        | Found a glowing golden altar of the Shining One.
   145 | D        | Found a glowing silver altar of Zin.
   153 | D        | Became a worshipper of Vehumet
   166 | D        | Noticed a shining eye
   166 | D        | Noticed a shining eye
   167 | D        | Noticed a shining eye
   169 | D        | Gained mutation: Your magical capacity is low. (-10% MP) [a
                  | shining eye]
   170 | D        | Killed a shining eye
   170 | D        | Reached skill level 14 in Dodging
   172 | D        | Killed a shining eye
   175 | D        | Killed a shining eye
   175 | D        | Reached * piety under Vehumet
   175 | D        | Offered knowledge of Flame Tongue by Vehumet.
   175 | D        | Reached skill level 15 in Dodging
   175 | D        | Reached XP level 9. HP: 6/6 MP: 4/4
   207 | D        | Reached ** piety under Vehumet
   207 | D        | Offered knowledge of Foxfire by Vehumet.
   234 | D        | Noticed a deep elf master archer
   324 | D        | Killed a deep elf master archer
   324 | D        | Offered knowledge of Throw Frost by Vehumet.
   324 | D        | Reached skill level 16 in Dodging
   339 | D        | Noticed a death drake
   340 | D        | Noticed a crystal guardian
   341 | D        | Noticed a death drake
   351 | D        | Succumbed to a death drake's dark miasma

Levels and vault maps discovered:
D:        the_violet_keep_of_menkaure [sprint2_stairs_cluster_1,
          sprint2_shoproom, sprint2_temple, sprint2_basic_supplies,
          sprint2_obstacle_6, sprint2_obstacle_4, sprint2_obstacle_5,
          sprint2_obstacle_1, sprint2_obstacle_7, sprint2_timed_cluster_1,
          sprint2_smallroom_cluster_1, sprint2_smallroom_final_cluster_1,
          sprint2_transparent_cluster_1, sprint2_second_timed_cluster_1,
          sprint2_sniper_area_1, sprint2_heavy_combat_area_1,
          sprint2_mutation_trap_area_1, sprint2_forest_area_1,
          sprint2_light_combat_area_1, sprint2_behind_water_1,
          sprint2_near_end_vault_1]

Skill      XL: |  1  2  3  4  5  6  7  8  9 |
---------------+----------------------------+-----
Dodging        | 4 10 11 13 15 16 | 16.5
Spellcasting   | 3 9 11 13 14 | 14.2
Earth Magic    | 4 8 9 10 12 13 | 13.3
Stealth        | |  1.4
Transmutations | |  1.0

Action                   |  1- 3 |  4- 6 |  7- 9 || total
-------------------------+-------+-------+-------++-------
 Cast: Sandblast         |    17 |     4 |    57 ||    78
       Stone Arrow       |       |       |    13 ||    13
 Abil: Fly               |       |       |     1 ||     1
  Use: Potion            |       |       |     2 ||     2
Dodge: Dodged            |       |     9 |    59 ||    68
